 Dungeon Crawl Stone Soup version 0.29.1-2-gbd0b4ee654 (webtiles) character file.

Game seed: 8198008955527995729

8 whiskeysaurus the Gusty (level 2, 0/20 HPs)
             Began as a Draconian Air Elementalist on Nov 10, 2022.
             Succumbed to a goblin's poison
             ... on level 1 of the Dungeon.
             The game lasted 00:01:51 (391 turns).

whiskeysaurus the Gusty (Draconian Air Elementalist) Turns: 391, Time: 00:01:52

Health: 0/20       AC:  4    Str: 10    XL:     2   Next: 0%
Magic:  1/5        EV: 12    Int: 15    God:
Gold:   21         SH:  0    Dex: 11    Spells: 4/5 levels left

rFire   . . .      SeeInvis .   (no weapon)
rCold   . . .      Faith    .   (no shield)
rNeg    . . .      Spirit   .   (body armour unavailable)
rPois   .          Reflect  .   (helmet restricted)
rElec   .          Harm     .   (no cloak)
rCorr   .          Rampage  .   (no gloves)
Will    .....                   (no boots)
Stlth   ++........              (no amulet)
HPRegen 0.06/turn               (no ring)
MPRegen 0.09/turn               (no ring)

@: lethally poisoned (0 -> -6)
A: AC +4, unfitting armour, cold-blooded
a: no special abilities


You were on level 1 of the Dungeon.
You visited 1 branch of the dungeon, and saw 1 of its levels.

You collected 21 gold pieces.

Inventory:

Scrolls
 b - a scroll of enchant weapon {unknown}
Potions
 a - a potion of magic
 c - a potion of brilliance {unknown}


   Skills:
 + Level 2.0 Dodging
 - Level 1.7 Stealth
 + Level 2.1 Spellcasting
 + Level 1.3 Conjurations
 + Level 3.1 Air Magic


You had 4 spell levels left.
You knew the following spells:

 Your Spells              Type           Power      Damage    Failure   Level
a - Shock                 Conj/Air       32%        1d5       9%          1

Your spell library contained the following spells:

 Spells                   Type           Power      Damage    Failure   Level
 Static Discharge         Conj/Air       8%         3-4/arc   13%         2
 Swiftness                Air            11%        N/A       19%         3
 Airstrike                Air            5%         2d(1-17)  52%         4


Dungeon Overview and Level Annotations

Branches:
Dungeon (1/15)

Altars:


Innate Abilities, Weirdness & Mutations

Your plain brown scales are hard. (AC +4)
You cannot fit into any form of body armour.
You are cold-blooded and may be slowed by cold attacks.


Message History

You hear a shout!
The bat closely misses you.
The quokka bites you but does no damage.
A kobold comes into view. It is wielding a +0 dagger.
Aiming: Shock (safe; 9% risk of failure)
Press: ? - help, Q - select action Shift-Dir - straight line, f/p - quokka
Aim: a quokka (severely wounded, 56% to hit)
The zap hits the quokka.
You kill the quokka!
The bat hits you but does no damage.
Your Dodging skill increases to level 2!
You hit the bat but do no damage. The bat closely misses you.
The bat barely misses you.
The goblin throws a poisoned dart.
The poisoned dart hits you!
You are poisoned.
You feel sick. The bat hits you but does no damage.
You feel sick.
You feel sick.
Aiming: Shock (safe; 9% risk of failure)
Press: ? - help, Q - select action Shift-Dir - straight line, f - bat
Aim: a bat (52% to hit)
The zap hits the bat.
You kill the bat!
The zap hits the kobold.
The kobold is moderately wounded.
You feel sick.
You have reached level 2!
You don't have enough magic to cast this spell.
You feel sick.
The goblin throws a poisoned dart.
The poisoned dart hits you!
You are lethally poisoned!
You don't have enough magic to cast this spell.
Unknown command.
You feel very sick.
* * * LOW HITPOINT WARNING * * *
You feel sick.
* * * LOW HITPOINT WARNING * * *
You feel sick.
* * * LOW HITPOINT WARNING * * *
You feel sick.
You die...

#......#######......
####.#..............
####.#########......
#......##########...
#............#######
#..#.÷.....#........
#..#...###.#........
#..##.#....#........
#.#..@....####........
#.#...#.#.Kg†.........
..#.....#.###.#.......
#.#.#.#.#.# #.#..[....
#.#.#...#.###.#..####.
#.#.#.#.#...#.#.g#
#.#.#.#.###.#.....
#.......# #.#......
#.###.#####.#......


You could see a goblin and a kobold.

Vanquished Creatures
  An endoplasm (D:1)
  3 goblins (D:1)
  A quokka (D:1)
  A ball python (D:1)
  A bat (D:1)
7 creatures vanquished.

Notes
Turn   | Place    | Note
-------+----------+-------------------------------------------
     0 | D:1      | whiskeysaurus the Draconian Air Elementalist began the
                  | quest for the Orb.
     0 | D:1      | Reached XP level 1. HP: 14/14 MP: 3/3
   386 | D:1      | Reached XP level 2. HP: 12/20 MP: 0/5
   390 | D:1      | HP: 1/20 [poisoned by a goblin]
   391 | D:1      | Succumbed to a goblin's poison

Illustrated notes

Levels and vault maps discovered:
D:1:      wander_arrival_lonely_grave, layout_basic,
          chequers_ecumenical_altar_simple, grunt_decor_resistance

Skill      XL: |  1 |
---------------+----+-----
Dodging        | 2 |  2.0
Stealth        | |  1.7
Spellcasting   | |  2.1
Conjurations   | |  1.3
Air Magic      | |  3.1

Action                   || total
-------------------------++-------
Melee: Unarmed           ||    12
       Tailslap          ||     2
 Cast: Shock             ||     7
 Stab: Sleeping          ||     1
Armor: Skin              ||     8
Dodge: Dodged            ||    14
